 Dungeon Crawl Stone Soup version 0.28.0-47-ge53b351184 (webtiles) character file.

Game seed: 9140117084585158293

12588 Eitelfritz the Carver (level 11, -2/86 HPs)
             Began as a Demonspawn Gladiator on Apr 28, 2022.
             Was an Elder of Makhleb.
             Slain by an unseen horror (7 damage)
             ... on level 3 of the Abyss.
             The game lasted 00:38:26 (13495 turns).

Eitelfritz the Carver (Demonspawn Gladiator)       Turns: 13495, Time: 00:38:26

Health: -2/86      AC:  5    Str: 35    XL:     11   Next: 64%
Magic:  0/17       EV: 14    Int:  6    God:    Makhleb [****..]
Gold:   644        SH:  0    Dex: 14    Spells: 10/10 levels left

rFire   + . .      SeeInvis +   a - +5 long sword of Enuhon {freeze, *Corrode rC++ Str+6}
rCold   + + +      Faith    .   (no shield)
rNeg    . . .      Spirit   +   F - +1 ring mail of Hihupt {rElec Str+4 SInv}
rPois   .          Reflect  .   c - +0 helmet
rElec   +          Harm     .   H - scarf {rC+ rF+}
rCorr   .          Rampage  .   i - +0 pair of gloves
Will    .....                   k - +1 pair of boots
Stlth   +.........              f - amulet of regeneration
HPRegen 1.04/turn               r - +6 ring of strength
MPRegen 0.30/turn               (no ring)

@: corroded
A: rugged brown scales 1, powered by pain 2, magic shield, magic regeneration,
weakness stinger 2, [dopey 2]
a: Renounce Religion, Minor Destruction, Lesser Servant of Makhleb, Major
Destruction


You were on level 3 of the Abyss.
You worshipped Makhleb.
Makhleb was greatly pleased with you.
You visited 2 branches of the dungeon, and saw 11 of its levels.
You visited the Abyss 1 time.
You also visited: Sewer.

You collected 644 gold pieces.

Inventory:

Hand Weapons
 a - the +5 long sword of Enuhon (weapon) {freeze, *Corrode rC++ Str+6}
   (You found it on level 9 of the Dungeon)

   It freezes those it strikes, dealing additional cold damage.
   It can also slow down cold-blooded creatures.
   Str:       It affects your strength (+6).
   rC:        It greatly protects you from cold.
   *Corrode:  It may corrode you when you take damage.
 D - a +1 long sword
Missiles
 d - 2 throwing nets (quivered)
 u - 27 poisoned darts
 y - 4 atropa-tipped darts
 E - 7 boomerangs
Armour
 c - a +0 helmet (worn)
 e - a +0 cloak
 i - a +0 pair of gloves (worn)
 k - a +1 pair of boots (worn)
 m - a +0 chain mail
 C - a scarf of repulsion
 F - the +1 ring mail of Hihupt (worn) {rElec Str+4 SInv}
   (You found it on level 7 of the Dungeon)

   Str:       It affects your strength (+4).
   rElec:     It insulates you from electricity.
   SInv:      It lets you see invisible.
 H - a scarf of resistance (worn)
 K - a +0 troll leather armour
 L - the +2 robe "Toynulin" {Harm rC+ Regen+ Dex+4}
   (You found it on level 3 of the Abyss)

   Dex:       It affects your dexterity (+4).
   rC:        It protects you from cold.
   Regen:     It increases your rate of health regeneration.
   Harm:      It increases damage dealt and taken.
Jewellery
 f - an amulet of regeneration (around neck)
 r - a +6 ring of strength (left hand)
 w - an amulet of faith
Wands
 h - a wand of flame (32)
 x - a wand of iceblast (26)
 J - a wand of paralysis (3)
Scrolls
 g - 2 scrolls of teleportation
 j - 3 scrolls of amnesia
 l - 3 scrolls of magic mapping
 B - a scroll of enchant armour
 G - a scroll of identify
Potions
 b - 9 potions of mutation
 n - 6 potions of heal wounds
 o - a potion of brilliance
 p - 5 potions of haste
 s - a potion of magic {unknown}
 t - 5 potions of curing
 v - a potion of attraction {unknown}
 z - 2 potions of ambrosia
 A - a potion of cancellation {unknown}
 I - a potion of lignification {unknown}


   Skills:
 + Level 7.1 Fighting
 + Level 11.4 Long Blades
 + Level 3.1 Throwing
 + Level 7.4 Armour
 + Level 6.2 Dodging
 + Level 2.4 Stealth
 + Level 8.5 Invocations


You had 10 spell levels left.
You didn't know any spells.
Your spell library contained the following spells:

 Spells                   Type           Power      Damage    Failure   Level
 Slow                     Hex            0%         N/A       54%         1
 Dazzling Flash           Conj/Hex       0%         N/A       89%         3
 Stone Arrow              Conj/Erth      0%         3d7       89%         3
 Animate Armour           Summ/Erth      0%         N/A       100%        4
 Iskenderun's Mystic Bla  Conj/Tloc      0%         2d3       100%        4
 Starburst                Conj/Fire      0%         6d3       100%        6
 Lehudib's Crystal Spear  Conj/Erth      0%         10d2      100%        8


Dungeon Overview and Level Annotations

Branches:
Dungeon (10/15)            Temple (1/1) D:4           Sewer (visited)
   Lair: D:8-11         Orc: D:9-12

Altars:
Ashenzari
Cheibriados
Dithmenos
Elyvilon
Fedhas
Gozag
Hepliaklqana
Kikubaaqudgha
Makhleb
Nemelex Xobeh
Okawaru
Qazlal
Ru
Sif Muna
Trog
Uskayaw
Vehumet
Wu Jian
Xom
Yredelemnul
Zin
The Shining One


Innate Abilities, Weirdness & Mutations

You are partially covered in rugged brown scales. (AC +1, +3% HP)
You sometimes gain power by taking damage.
When hurt, damage is shared between your health and your magic reserves.
You regenerate magic rapidly.
You have a tail ending in a sharp stinger.
[You are very dopey. (Int -4)]


Message History

The thrashing horror closely misses you. x2
The thrashing horror tramples you but does no damage.
The thrashing horror barely misses you. The unseen horror hits you.
Your corrosive artefact corrodes you!
The unseen horror hits you. The thrashing horror tramples you!
* * * LOW HITPOINT WARNING * * *
You stumble backwards!
The thrashing horror completely misses you.
The thrashing horror tramples you but does no damage.
The unseen horror barely misses you. The thrashing horror tramples you.
* * * LOW HITPOINT WARNING * * *
You hold your ground!
The thrashing horror completely misses you.
A large abomination comes into view.
The unseen horror closely misses you. The thrashing horror tramples you.
* * * LOW HITPOINT WARNING * * *
You hold your ground!
The thrashing horror tramples you.
* * * LOW HITPOINT WARNING * * *
You stumble backwards!
The thrashing horror closely misses you.
The thrashing horror tramples you but does no damage.
An ancient zyme comes into view.
You feel yourself growing ill in the presence of the ancient zyme.
The thrashing horror tramples you.
* * * LOW HITPOINT WARNING * * *
You hold your ground!
The thrashing horror tramples you!
* * * LOW HITPOINT WARNING * * *
You stumble backwards!
The thrashing horror roars!
The unseen horror hits you.
* * * LOW HITPOINT WARNING * * *
The thrashing horror tramples you.
* * * LOW HITPOINT WARNING * * *
You stumble backwards!
The thrashing horror tramples you.
* * * LOW HITPOINT WARNING * * *
You hold your ground!
The thrashing horror misses you. The unseen horror misses you.
The unseen horror hits you!
You die...

#.#.>#.#.# .
#.......### .## ##
#.#.#...#.##.. .#
.#. # #..##.# #.#
.#. #.##...####..#
............#....#
#........#....X#
....##.#....Xx###
........#.X#.X.@.#
....###..##......#
.#...#.#..#...##
.....#.###x# .
#...##. ..# ### .
... #.#. #..


You could see an ancient zyme, 3 thrashing horrors and an unseen horror
(invisible).

Vanquished Creatures
  A hydra (D:9)
  2 death knights
  An ogre mage (D:10)
  A skeletal warrior (D:9)
  A cyclops (D:6)
  A worldbinder (Abyss:3)
  An ugly thing (D:10)
  3 freezing wraiths
  An ancient zyme (Abyss:3)
  2 trolls
  A hornet (D:8)
  Sigmund (D:5)
  A yak (D:10)
  2 wyverns
  A wraith (D:9)
  A vampire mosquito (D:10)
  An acid dragon (D:8)
  A warg (D:6)
  2 water moccasins
  5 orc warriors
  9 ogres
  2 ice beasts (D:5)
  3 sky beasts
  A black bear (D:8)
  A hornet zombie (D:8)
  3 centaurs
  4 phantoms
  3 bullfrogs
  4 kobold brigands
  Blork the orc (D:6)
  3 gnoll sergeants
  4 scorpions
  3 water moccasin zombies
  7 killer bees (D:10)
  10 howler monkeys
  5 wights (D:6)
  A bullfrog zombie (D:5)
  A centaur zombie (D:6)
  A quasit (Abyss:3)
  11 hounds
  3 centaur skeletons
  A gnoll shaman (D:6)
  7 orc priests (D:6)
  2 jellies
  2 bullfrog skeletons
  2 iguanas
  12 orc wizards
  2 howler monkey skeletons
  13 gnolls
  10 adders
  3 white imps
  2 ufetubi
  2 adder skeletons (D:4)
  5 worms
  2 dart slugs
  32 orcs
  17 ball pythons
  5 bats
  5 endoplasms
  4 giant cockroaches
  8 goblins
  4 hobgoblins
  2 quokkas
  4 frilled lizards
  18 kobolds
  8 rats
282 creatures vanquished.

Vanquished Creatures (collateral kills)
  Joseph (D:8)
1 creature vanquished.

Vanquished Creatures (others)
  A fungus (D:6)
  5 plants (D:6)
6 creatures vanquished.

Grand Total: 289 creatures vanquished

Notes
Turn   | Place    | Note
-------+----------+-------------------------------------------
     0 | D:1      | Eitelfritz the Demonspawn Gladiator began the quest for the
                  | Orb.
     0 | D:1      | Reached XP level 1. HP: 16/16 MP: 1/1
   331 | D:1      | Gained mutation: You sometimes gain a little power by
                  | taking damage. [demonic ancestry]
   331 | D:1      | Reached XP level 2. HP: 16/22 MP: 2/2
   458 | D:1      | Reached skill level 3 in Long Blades
  1007 | D:1      | Gained mutation: You are partially covered in rugged brown
                  | scales. (AC +1, +3% HP) [demonic ancestry]
  1007 | D:1      | Reached XP level 3. HP: 22/27 MP: 3/3
  2112 | D:2      | Reached XP level 4. HP: 35/35 MP: 4/4
  2118 | D:2      | Reached skill level 1 in Armour
  2315 | D:3      | Found a shimmering altar of Xom.
  2791 | D:3      | Gained mutation: You have a small tail. [demonic ancestry]
  2791 | D:3      | Reached XP level 5. HP: 40/40 MP: 5/5
  2990 | D:3      | Reached skill level 4 in Long Blades
  2990 | D:3      | Reached skill level 1 in Stealth
  3093 | D:3      | Found a faded altar of an unknown god.
  3130 | D:3      | Got Plato's Compendium of Enchantment
  3493 | D:4      | Gained mutation: You sometimes gain power by taking damage.
                  | [demonic ancestry]
  3493 | D:4      | Reached XP level 6. HP: 47/47 MP: 6/6
  3678 | D:4      | Found a staircase to the Ecumenical Temple.
  3690 | Temple   | Entered the Ecumenical Temple
  3948 | Temple   | Became a worshipper of Makhleb the Destroyer
  4682 | D:5      | Entered Level 5 of the Dungeon
  4782 | D:5      | Noticed Sigmund
  4845 | D:5      | Reached skill level 5 in Long Blades
  4855 | D:5      | Killed Sigmund
  4856 | D:5      | Gained mutation: You regenerate magic rapidly. [demonic
                  | ancestry]
  4856 | D:5      | Reached XP level 7. HP: 33/53 MP: 7/7
  5028 | D:5      | Found a glowing drain.
  5058 | Sewer    | Entered a sewer
  5493 | Sewer    | Reached * piety under Makhleb
  5804 | D:5      | Gained mutation: When hurt, damage is shared between your
                  | health and your magic reserves. [demonic ancestry]
  5804 | D:5      | Reached XP level 8. HP: 61/61 MP: 8/8
  5840 | D:5      | Reached skill level 6 in Long Blades
  6589 | D:6      | Reached skill level 7 in Long Blades
  6736 | D:6      | Reached skill level 5 in Armour
  6794 | D:6      | Reached XP level 9. HP: 66/67 MP: 9/9
  6810 | D:6      | Reached ** piety under Makhleb
  6868 | D:5      | Reached skill level 8 in Long Blades
  7106 | D:6      | Noticed Blork the orc
  7115 | D:6      | Killed Blork the orc
  7161 | D:6      | Reached skill level 5 in Fighting
  7225 | D:6      | Reached skill level 1 in Invocations
  7591 | D:6      | Reached skill level 9 in Long Blades
  8219 | D:6      | Noticed a cyclops
  8229 | D:6      | Killed a cyclops
  8376 | D:6      | Gained mutation: You have a tail ending in a sharp stinger.
                  | [demonic ancestry]
  8376 | D:6      | Reached XP level 10. HP: 73/76 MP: 10/12
  8414 | D:6      | Reached skill level 5 in Dodging
  8956 | D:6      | Reached *** piety under Makhleb
  9339 | D:7      | Reached skill level 10 in Long Blades
  9970 | D:7      | Identified the +1 ring mail of Hihupt {rElec Str+4 SInv}
 10493 | D:8      | Reached skill level 5 in Invocations
 10496 | D:8      | Paralysed by a hornet for 1 turns
 10812 | D:8      | Noticed Joseph
 10823 | D:8      | Killed Joseph
 11470 | D:9      | Noticed a four-headed hydra
 11484 | D:9      | Killed a four-headed hydra
 11820 | D:9      | Identified the +5 long sword of Enuhon {freeze, *Corrode
                  | rC++ Str+6}
 11927 | D:9      | Reached XP level 11. HP: 79/85 MP: 13/15
 12002 | D:9      | Noticed a death knight
 12007 | D:9      | Noticed a skeletal warrior
 12008 | D:9      | Killed a death knight
 12033 | D:9      | Killed a skeletal warrior
 12133 | D:9      | Noticed a wolf spider
 12498 | D:10     | Entered Level 10 of the Dungeon
 12771 | D:10     | Reached **** piety under Makhleb
 12888 | D:10     | Reached skill level 11 in Long Blades
 12916 | D:10     | Noticed a wizard
 12916 | D:10     | Noticed an ogre mage
 12916 | D:10     | Noticed a red ugly thing
 12917 | D:10     | Noticed a death knight
 12935 | D:10     | Killed a red ugly thing
 12944 | D:10     | Killed an ogre mage
 13146 | D:10     | Killed a death knight
 13228 | D:10     | Cast into level 3 of the Abyss (a wizard)
 13347 | Abyss:3  | Noticed a glowing orange brain
 13362 | Abyss:3  | Noticed a goliath frog
 13362 | Abyss:3  | Noticed a bog body
 13370 | Abyss:3  | Noticed a bog body
 13370 | Abyss:3  | Noticed a goliath frog
 13414 | Abyss:3  | Noticed a great orb of eyes
 13416 | Abyss:3  | Noticed a large abomination
 13425 | Abyss:3  | Noticed a wretched star
 13461 | Abyss:3  | Identified the +2 robe "Toynulin" {Harm rC+ Regen+ Dex+4}
 13469 | Abyss:3  | Noticed a thrashing horror
 13485 | Abyss:3  | Noticed a thrashing horror
 13486 | Abyss:3  | Noticed a thrashing horror
 13490 | Abyss:3  | Noticed a large abomination
 13494 | Abyss:3  | HP: 4/86 [thrashing horror (2)]
 13495 | Abyss:3  | Slain by an unseen horror

Illustrated notes

Levels and vault maps discovered:
D:1:      lightli_arrival_maybe_door_vault, layout_loops_corners,
          minmay_quantized
D:2:      layout_basic
D:3:      layout_basic, mainiacjoe_overflow_24_doors,
          shapermc_ecumenical_altar_rom_forum
D:4:      layout_loops_ring, minmay_temple_entry_enclosed_plants, minivault_19
D:5:      minmay_spotlight, layout_basic, cheibrodos_sewer_entry_bend,
          kennysheep_generic_room_6, uniq_sigmund
D:6:      lemuel_castle_with_subvaults [lemuel_castle_interior_carwin_1],
          layout_loops_ring, uniq_blork_the_orc
D:7:      layout_rooms, grunt_ministairs_12, chequers_serial_rivers_large_b,
          small_statue_alley_b, hangedman_decor_points
D:8:      layout_basic, uniq_joseph
D:9:      layout_roguey, chequers_serial_rivers_room_a,
          onia_ninara_dug_in_and_dangerous
D:10:     minmay_the_grid_triangle_9x9_rhombus_thin
          [minmay_the_grid_triangle_9x9_steps,
          minmay_the_grid_triangle_9x9_prize_center,
          minmay_the_grid_triangle_9x9_limited_checkers,
          minmay_the_grid_triangle_9x9_semitri], layout_loops_ring,
          evilmike_butchery
Temple:   mainiacjoe_temple_hex_bubbles
Abyss:3:  base: D:1, evilmike_abyss_exit_8, hangedman_cross_veins,
          evilmike_abyss_exit_mutagenic, kilobyte_mutagenic_chamber,
          minivault_19, kilobyte_mutagenic_chamber,
          hangedman_abyss_or_decor_slice, hangedman_abyss_or_decor_slice

Skill      XL: |  1  2  3  4  5  6  7  8  9 10 11 |
---------------+----------------------------------+-----
Throwing       | 2 3 |  3.1
Long Blades    | 3 4 5 7 9 10 11 | 11.4
Dodging        | 3 4 5 6 |  6.2
Armour         | 1 2 3 4 5 6 7 |  7.4
Stealth        | 1 2 |  2.4
Fighting       | 3 4 5 6 7 |  7.1
Invocations    | 2 6 8 |  8.5

Action                   |  1- 3 |  4- 6 |  7- 9 | 10-12 || total
-------------------------+-------+-------+-------+-------++-------
Melee: Long sword        |   112 |   151 |   398 |   408 ||  1069
       Tailslap          |       |    15 |    49 |    56 ||   120
       Punch             |       |     2 |     6 |     5 ||    13
Throw: Dart              |       |     2 |    20 |     3 ||    25
       Throwing net      |       |     3 |       |       ||     3
Invok: Minor Destruction |       |       |    11 |    59 ||    70
       Lesser Servant of |       |       |       |     4 ||     4
  Use: Scroll            |       |    12 |     3 |     7 ||    22
       Potion            |       |       |       |     3 ||     3
 Stab: Sleeping          |     2 |     2 |       |       ||     4
       Held in net/web   |       |     1 |       |       ||     1
       Distracted        |       |       |       |     1 ||     1
Armor: Leather armour    |     8 |       |       |       ||     8
       Ring mail         |    37 |    92 |   159 |   147 ||   435
       Scale mail        |       |       |     8 |    85 ||    93
Dodge: Dodged            |    68 |   138 |   227 |   338 ||   771
